 Dungeon Crawl Stone Soup version 0.19.5 (console) character file.

35 Grinner the Ducker (level 3, -7/19 HPs)
             Began as a Spriggan Fighter on Mar 2, 2017.
             Mangled by a goblin
             ... wielding a +0 dagger
             ... led by Robin
              (8 damage)
             ... on level 2 of the Dungeon.
             The game lasted 00:01:39 (820 turns).

Grinner the Ducker (Spriggan Fighter)                Turns: 820, Time: 00:01:39

Health: -7/19      AC:  2    Str: 13    XL:     3   Next: 16%
Magic:  4/4        EV: 19    Int:  9    God:
Gold:   40         SH:  6    Dex: 15    Spells: 0 memorised, 2 levels left

rFire  . . .     SeeInvis +     a - +0 rapier
rCold  . . .     Gourm    .     b - +0 robe
rNeg   . . .     Faith    .     c - +0 buckler
rPois  .         Spirit   .     (helmet restricted)
rElec  .         Reflect  .     (no cloak)
rCorr  .         Harm     .     (gloves unavailable)
MR     .....                    (boots unavailable)
Stlth  +.........               (no amulet)
                                (no ring)
                                (no ring)

@: very quick
A: unfitting armour, see invisible, herbivore 3, speed 3, slow metabolism 2
a: no special abilities


You were on level 2 of the Dungeon.
You were not hungry.

You visited 1 branch of the dungeon, and saw 2 of its levels.

You collected 40 gold pieces.

Inventory:

Hand Weapons
 a - a +0 rapier (weapon)
Armour
 b - a +0 robe (worn)
 c - a +0 buckler (worn)
Scrolls
 d - 3 scrolls of identify {unknown}
 e - 2 scrolls of amnesia {unknown}
Potions
 g - 2 potions of agility {unknown}
 h - a potion of brilliance {unknown}
Comestibles
 f - 3 bread rations


   Skills:
 - Level 2.4 Fighting
 + Level 3.1 Short Blades
 - Level 4.4 Dodging
 + Level 2.7 Shields


You had 2 spell levels left.
You didn't know any spells.

Dungeon Overview and Level Annotations

Branches:
Dungeon (2/15)

Altars:

Annotations:
D:2 Robin


Innate Abilities, Weirdness & Mutations

You are very small and have problems with some larger weapons.
You are too small for most types of armour.
You have supernaturally acute eyesight. (SInv)
You are a herbivore.
You cover ground extremely quickly.
You need consume almost no food.


Message History

The hobgoblin is severely wounded.
You block the goblin's attack. The goblin hits you with a club.
The goblin misses you.
The goblin hits you with an uncursed dagger of protection.
* * * LOW HITPOINT WARNING * * *
Robin roars a battlecry!
The goblins go into a battle-frenzy!
The goblin hits you but does no damage. The hobgoblin barely misses you.
You block the goblin's attack. The goblin completely misses you.
You are too injured to fight recklessly!
The goblin hits you but does no damage. The goblin hits you with a dagger.
* * * LOW HITPOINT WARNING * * *
The goblin closely misses you.
The goblin unwields an uncursed dagger of protection.
The goblin wields an uncursed hunting sling.
The goblin shoots a stone.
The stone barely misses you.
There is a stone staircase leading down here.
The goblin hits you with a dagger!
You die...

..... #...#
#.....##...# ...
#).........## ......
#....#....(.# ......
#...#_#.....# ...... #
#....#..?...##......
#.##.........$(........
#........g.gg@.........
#.....(..g.gg..........
##.......gg....<.......
#.........g###########.
#........g.#
#..........#
.....###...# .....
#...# .... +....


You could see Robin, 2 hobgoblins and 7 goblins.

Vanquished Creatures
  2 dart slugs (D:1)
  A leopard gecko (D:1)
  2 giant cockroaches (D:1)
  5 goblins
  A hobgoblin (D:1)
  3 jackals (D:1)
  A ball python (D:1)
  2 bats (D:1)
  3 frilled lizards (D:1)
  4 kobolds (D:1)
  5 rats
29 creatures vanquished.

Vanquished Creatures (others)
  4 toadstools (D:1)
4 creatures vanquished.

Grand Total: 33 creatures vanquished

Notes
Turn   | Place    | Note
-------+----------+-------------------------------------------
     0 | D:1      | Grinner the Spriggan Fighter began the quest for the Orb.
     0 | D:1      | Reached XP level 1. HP: 11/11 MP: 2/2
   130 | D:1      | Reached XP level 2. HP: 16/16 MP: 3/3
   734 | D:1      | Reached XP level 3. HP: 19/19 MP: 4/4
   794 | D:2      | Found a faded altar of an unknown god.
   803 | D:2      | Noticed Robin
   820 | D:2      | Mangled by a goblin

Skill      XL: |  1  2 |
---------------+-------+-----
Short Blades   | 3 |  3.1
Fighting       | |  2.4
Dodging        | |  4.4
Shields        | |  2.7

Action                   || total
-------------------------++-------
Melee: Rapier            ||    87
  Use: Potion            ||     2
Armor: Robe              ||     9
Dodge: Dodged            ||   111
Block: Buckler           ||    28
